Cogmind - Beta 10 @@@ ROGUE MODE // 2020.09.15 @ 22:40:15 Player: RBrandon Result: Smashed by cave-in Performance ------------- Evolutions (2) 1000 Regions Visited (5) 1000 Robots Destroyed (45) 225 Value Destroyed (1200) 1200 Prototype IDs (4) 80 Alien Tech Used (0) 0 Bonus (133) 133 TOTAL SCORE: 3638 Bonus ------- High Alert Combat Kills 133 Cogmind --------- Core Integrity 0/550 Matter 41/300 Energy 100/100 System Corruption 0% Temperature Cool (0) Movement Core (50) Location -8/Storage Parts ------- > --- POWER (1) -------- (None) > --- PROPULSION (4) --- (None) > --- UTILITY (4) ------ Advanced Targeting Computer > --- WEAPON (2) ------- (None) > --- INVENTORY (4) ---- Disposable Heat Sink Reflective Plating Advanced EMP Blaster Improved Grenade Launcher Peak State ------------ > --- POWER ------------ Ion Engine > --- PROPULSION ------- Wheel Wheel Wheel Compact Wheel > --- UTILITY ---------- Medium Storage Unit Advanced Targeting Computer Reflective Plating Reflective Plating > --- WEAPON ----------- Improved Lightning Gun Scatter Rocket Array > --- INVENTORY -------- Compact Wheel EM Pulse Cannon EM Pulse Cannon Advanced EMP Blaster Improved Grenade Launcher Improved Grenade Launcher Improved Grenade Launcher Scythe [Rating: 29] Favorites ----------- Power Ion Engine Engine Ion Engine Propulsion Wheel Leg Aluminum Leg Wheel Wheel Utility Seismic Analyzer Device Improved Terrain Scanner Storage Medium Storage Unit Processor Seismic Analyzer Protection Reflective Plating Weapon EM Pulse Gun Energy Gun EM Pulse Gun Ballistic Gun Light Assault Rifle Launcher Improved Grenade Launcher Special Weapon Mining Laser Slashing Weapon Scythe Build | -11 -10 -9 -9 -8 -8 ------- Run | Scr Mat Mat Min Mat Sto Slots Evolved 4 | . . 2 . 2 . Power . | . . . . . . Propulsion 2 | . . 1 . 1 . Utility 2 | . . 1 . 1 . Weapon . | . . . . . . Parts Attached 35 | 11 . 1 4 2 17 Power 2 | 1 . . . . 1 Engine 2 | 1 . . . . 1 Core . | . . . . . . Reactor . | . . . . . . Propulsion 10 | 4 . 1 2 2 1 Treads . | . . . . . . Leg 2 | 2 . . . . . Wheel 7 | 2 . 1 2 2 . Hover . | . . . . . . Flight 1 | . . . . . 1 Utility 11 | 3 . . 1 . 7 Device 3 | 1 . . . . 2 Storage 2 | 1 . . . . 1 Processor 3 | 1 . . 1 . 1 Hackware . | . . . . . . Protection 3 | . . . . . 3 Artifact . | . . . . . . Weapon 12 | 3 . . 1 . 8 Energy Gun 3 | 2 . . . . 1 Energy Cannon . | . . . . . . Ballistic Gun 1 | 1 . . . . . Ballistic Cannon . | . . . . . . Launcher 6 | . . . . . 6 Special Weapon 1 | . . . 1 . . Impact Weapon . | . . . . . . Slashing Weapon 1 | . . . . . 1 Piercing Weapon . | . . . . . . Special Melee Weapon . | . . . . . . Unidentified Prototypes 4 | . . . . . 4 Parts Lost 15 | . . 2 . . 13 Power 2 | . . . . . 2 Propulsion 6 | . . 1 . . 5 Utility 2 | . . . . . 2 Weapon 5 | . . 1 . . 4 Highest Loss Streak 13 | . . 2 . . 13 Average Slot Usage (%) 90 | . 100 76 85 89 87 Engine 11 | . 14 11 11 9 7 Wheel 28 | . 28 22 33 36 31 Device 10 | . 14 11 11 8 4 Storage 1 | . . . . . 7 Processor 13 | . 14 11 15 18 9 Protection 1 | . . . . . 10 Energy Gun 11 | . 14 11 11 9 6 Ballistic Gun 8 | . 14 10 . . . Launcher 1 | . . . . . 8 Special Weapon 1 | . . . 3 9 . Naked Turns . | . . . . . . Heaviest Build 33 | 13 9 9 9 9 33 Greatest Support 46 | 20 20 30 30 46 46 Greatest Overweight (x) 5 | 1 . . . . 5 Average Overweight (x) . | . . . . . . Largest Inventory Capacity 8 | 6 4 4 4 4 8 Average Capacity 4 | 4 4 4 4 4 7 Most Carried 8 | 6 4 4 4 4 8 Average Carried 3 | 2 3 3 3 2 6 Final Capacity 4 | 4 4 4 4 4 4 Final Carried 4 | 3 4 3 4 2 4 Class Distribution -------------------- 77% | Mutant 22% | Scavenger-Mutant Dominant Class ---------------- Mutant | -10/Materials Mutant | -9/Materials Scavenger-Mutant | -9/Mines Scavenger-Mutant | -8/Materials Mutant | -8/Storage Resources | -11 -10 -9 -9 -8 -8 ----------- Run | Scr Mat Mat Min Mat Sto Matter Collected 552 | 310 . . 40 . 202 Remotely . | . . . . . . Salvage Created 1354 | 109 . 55 387 . 803 Parts 82 | 8 . 2 19 . 53 Haulers Intercepted 3 | . . . . . 3 Recyclers Shooed 3 | . . . 3 . . Parts Field Recycled . | . . . . . . Retrieved Matter . | . . . . . . Parts Self-Destructed . | . . . . . . Prevented . | . . . . . . Kills | -11 -10 -9 -9 -8 -8 ------- Run | Scr Mat Mat Min Mat Sto Combat Hostiles Destroyed 22 | . . 1 1 . 20 Melee 1 | . . . . . 1 Guns 4 | . . 1 1 . 2 AOE 16 | . . . . . 16 Classes Destroyed 9 | 2 . 1 3 . 3 Worker 5 | . . . 1 . 4 Builder 4 | . . . 1 . 3 Tunneler 4 | 2 . . 2 . . Hauler 3 | . . . . . 3 Recycler 6 | 1 . . 4 . 1 Watcher 1 | . . . . . 1 Swarmer 1 | . . . 1 . . Grunt 16 | . . 1 . . 15 Sentry 5 | . . . . . 5 Best Kill Streak 21 | 3 . 1 5 . 21 Combat Bots Only 11 | . . 1 1 . 11 Max Kills in Single Turn 4 | 1 . 1 1 . 4 Gunslinging . | . . . . . . Exploded 4 | . . . . . 4 Melee 1 | . . . . . 1 Uniques/NPCs Destroyed . | . . . . . . Combat | -11 -10 -9 -9 -8 -8 -------- Run | Scr Mat Mat Min Mat Sto Damage Taken 1845 | . . 195 14 30 1606 Core 564 | . . 8 . . 556 Absorbed by Shields . | . . . . . . Core Remaining (%) 99 | 100 100 . 98 . . Volleys Fired 106 | 13 . 4 47 1 41 Largest 2 | 1 . 2 2 1 1 Hottest 140 | 40 . 60 140 100 60 Shots Fired 112 | 13 . 8 49 1 41 Gun 86 | 13 . 8 47 . 18 Cannon . | . . . . . . Launcher 23 | . . . . . 23 Special 3 | . . . 2 1 . Kinetic 4 | . . 4 . . . Thermal 3 | . . . 2 1 . Explosive 23 | . . . . . 23 Electromagnetic 82 | 13 . 4 47 . 18 Robot Hit Streak 11 | 3 . 8 7 . 11 Robot Miss Streak 4 | 2 . 1 3 . 4 Penetration Max . | . . . . . . Secondary Targets . | . . . . . . Shots Hit Robots 73 | 9 . 6 32 . 26 Core Hits 102 | 4 . 2 12 . 84 Critical Hits . | . . . . . . Critical Kills . | . . . . . . Critical Parts Destroyed . | . . . . . . Melee Attacks 3 | . . . . . 3 Impact . | . . . . . . Slashing 3 | . . . . . 3 Piercing . | . . . . . . Sneak Attacks . | . . . . . . Combat Hostiles . | . . . . . . Follow-up Attacks . | . . . . . . Damage Inflicted 4231 | 126 . 74 448 15 3568 Guns 916 | 126 . 74 413 . 303 Cannons . | . . . . . . Explosions 3268 | . . . 35 . 3233 Melee 32 | . . . . . 32 Ramming 15 | . . . . 15 . Kinetic 14 | . . 14 . . . Thermal 35 | . . . 35 . . Explosive 3233 | . . . . . 3233 Electromagnetic 902 | 126 . 60 413 . 303 Impact . | . . . . . . Slashing 32 | . . . . . 32 Piercing . | . . . . . . Highest Corruption . | . . . . . . Average Corruption . | . . . . . . Corruption Purged . | . . . . . . Overload Shots . | . . . . . . Overflow Damage 59 | . . . . . 59 Projectiles . | . . . . . . Explosions 59 | . . . . . 59 Melee . | . . . . . . Knockbacks . | . . . . . . Impact . | . . . . . . Kinetic . | . . . . . . Secondary . | . . . . . . Self-Inflicted Damage 162 | . . . . 15 147 Shots 5 | . . . . . 5 Rammed 1 | . . 1 . . . Targets Rammed 1 | . . 1 . . . Kicked . | . . . . . . Crushed . | . . . . . . Highest Temperature 88 | . . 46 50 . 88 Average Temperature 29 | . . 32 20 . 31 Received Heat Transfer 660 | . . 57 . 9 594 Siege Activations . | . . . . . . Robots Corrupted 1 | . . . . . 1 Combat Hostiles 1 | . . . . . 1 Parts Fried 6 | 1 . . 2 . 3 Impact Corruptions . | . . . . . . Robots Melted . | . . . . . . Combat Hostiles . | . . . . . . Parts Melted . | . . . . . . Heat Transferred . | . . . . . . Parts Sabotaged . | . . . . . . Parts Stolen . | . . . . . . Parts Stripped . | . . . . . . Power Chain Reactions 1 | . . . 1 . . Missiles Intercepted . | . . . . . . Alert | -11 -10 -9 -9 -8 -8 ------- Run | Scr Mat Mat Min Mat Sto Peak Influence 681 | 15 23 60 75 42 681 Initial 29 | . . . 15 29 17 Average 48 | 8 7 5 40 29 253 Maximum Alert Level 2 | . . . . . 2 Low Security (%) 91 | 100 100 100 100 100 42 Level 1 4 | . . . . . 32 Level 2 3 | . . . . . 25 Level 3 . | . . . . . . Level 4 . | . . . . . . Level 5 . | . . . . . . High Security . | . . . . . . Max Security . | . . . . . . Squads Dispatched 6 | . . 1 . 1 4 Investigation 3 | . . . . 1 2 Extermination . | . . . . . . Reinforcement 2 | . . 1 . . 1 Assault 1 | . . . . . 1 Garrison . | . . . . . . Intercept . | . . . . . . Construction Impeded 1 | . . . . . 1 Haulers Reinforced . | . . . . . . Stealth | -11 -10 -9 -9 -8 -8 --------- Run | Scr Mat Mat Min Mat Sto Distress Signals 6 | . . 3 . . 3 Communications Jammed . | . . . . . . Distress Signals . | . . . . . . Times Spotted 57 | . 1 15 4 4 33 Peak Tracking Total 12 | . 1 12 4 4 11 Tactical Retreats 4 | . . 2 1 . 1 Traps | -11 -10 -9 -9 -8 -8 ------- Run | Scr Mat Mat Min Mat Sto Traps Triggered . | . . . . . . Indirectly . | . . . . . . Trap Hack Attempts . | . . . . . . Triggered . | . . . . . . Disarmed . | . . . . . . Reprogrammed . | . . . . . . Reused . | . . . . . . Traps Extracted . | . . . . . . Installed . | . . . . . . Triggered . | . . . . . . Machines | -11 -10 -9 -9 -8 -8 ---------- Run | Scr Mat Mat Min Mat Sto Machines Disabled 3 | . . . . . 3 Max in Single Turn 1 | . . . . . 1 Machines Sabotaged 1 | . . . . . 1 Garrisons Compromised . | . . . . . . Overloaded Fab Kills . | . . . . . . Fab Network Shutdowns . | . . . . . . Hacking | -11 -10 -9 -9 -8 -8 --------- Run | Scr Mat Mat Min Mat Sto Machines Accessed 8 | . 3 . . 1 4 Terminals 8 | . 3 . . 1 4 Fabricators . | . . . . . . Repair Stations . | . . . . . . Recycling Units . | . . . . . . Scanalyzers . | . . . . . . Garrison Access . | . . . . . . Total Hacks 27 | . 10 . . 4 13 Successful 15 | . 4 . . 3 8 Failed 12 | . 6 . . 1 5 Catastrophic 1 | . . . . . 1 Database Lockouts . | . . . . . . Manual 11 | . 6 . . . 5 Terminals 27 | . 10 . . 4 13 Fabricators . | . . . . . . Repair Stations . | . . . . . . Recycling Units . | . . . . . . Scanalyzers . | . . . . . . Garrison Access . | . . . . . . Terminal Hacks 8 | . 2 . . 3 3 Robot Schematic 1 | . . . . . 1 Open Door 2 | . . . . . 2 Emergency Access Points 1 | . . . . 1 . Locate Traps 1 | . 1 . . . . Hauler Manifests 2 | . 1 . . 1 . Registered Components 1 | . . . . 1 . Fabricator Hacks . | . . . . . . Repair Station Hacks . | . . . . . . Recycling Unit Hacks . | . . . . . . Scanalyzer . | . . . . . . Garrison Access Hacks . | . . . . . . Unauthorized Hacks 7 | . 2 . . . 5 Terminals 7 | . 2 . . . 5 Track 1 | . . . . . 1 Botnet 4 | . 2 . . . 2 Operators 1 | . . . . . 1 Sabotage 1 | . . . . . 1 Fabricators . | . . . . . . Repair Stations . | . . . . . . Recycling Units . | . . . . . . Scanalyzers . | . . . . . . Garrison Access . | . . . . . . Data Cores Recovered . | . . . . . . Used . | . . . . . . Hacking Detections 6 | . 3 . . 1 2 Full Trace Events 3 | . 1 . . 1 1 Feedback Events . | . . . . . . Feedback Blocked . | . . . . . . Robot Schematics Acquired 1 | . . . . . 1 Robots Built . | . . . . . . Matter . | . . . . . . Time . | . . . . . . Total Robot Build Rating . | . . . . . . Part Schematics Acquired . | . . . . . . Parts Built . | . . . . . . Matter . | . . . . . . Time . | . . . . . . Total Part Build Rating . | . . . . . . Parts Repaired . | . . . . . . Time . | . . . . . . Parts Recycled . | . . . . . . Recycled Matter . | . . . . . . Retrieved Matter . | . . . . . . Retrieved Components . | . . . . . . Parts Scanalyzed . | . . . . . . Part Schematics Acquired . | . . . . . . Parts Damaged . | . . . . . . Bothacking | -11 -10 -9 -9 -8 -8 ------------ Run | Scr Mat Mat Min Mat Sto Used RIF Installer . | . . . . . . Robots Hacked . | . . . . . . Non-combat . | . . . . . . Combat . | . . . . . . Robot Hacks Applied . | . . . . . . Relay Couplers Released . | . . . . . . Robots Rewired . | . . . . . . Allies Hacked . | . . . . . . Hacks Repelled . | . . . . . . Allies | -11 -10 -9 -9 -8 -8 -------- Run | Scr Mat Mat Min Mat Sto Total Allies . | . . . . . . Largest Group . | . . . . . . Highest-Rated Group . | . . . . . . Highest-Rated Ally . | . . . . . . Total Orders . | . . . . . . Ally Attacks . | . . . . . . Total Damage . | . . . . . . Kills . | . . . . . . Allies Corrupted . | . . . . . . Allies Melted . | . . . . . . Intel | -11 -10 -9 -9 -8 -8 ------- Run | Scr Mat Mat Min Mat Sto Robot Analysis Total . | . . . . . . Derelict Logs Recovered . | . . . . . . Drone Launches . | . . . . . . Drone Recoveries . | . . . . . . Exploration | -11 -10 -9 -9 -8 -8 ------------- Run | Scr Mat Mat Min Mat Sto Turns Passed 3176 | 544 1086 539 319 225 463 Spaces Moved 1271 | 116 243 170 259 99 384 Core 56 | 5 . . . . 51 Treads . | . . . . . . Legs 44 | 44 . . . . . Wheels 1171 | 67 243 170 259 99 333 Hover . | . . . . . . Flight . | . . . . . . Fastest Speed 50 | 50 80 80 80 80 50 Average Speed 81 | 94 80 80 80 80 81 Slowest Speed 300 | 120 80 80 80 85 300 Overloaded Moves . | . . . . . . Propulsion Burnouts . | . . . . . . Robots Hopped . | . . . . . . Cave-ins Triggered 1 | . . . . . 1 Exploration Rate (%) 28 | 7 32 13 49 8 60 Regions Visited 5 Branch Regions 2 Pre-discovered Areas 1 | . . . 1 . . Known Exits Taken . | . . . . . . Unknown Exits Taken 5 | 1 1 1 1 1 . Scrap Searched 1 | . . . 1 . . Spaces Dug 1 | . . . . 1 . Terrain Destroyed 147 | . . . 1 1 145 Melee . | . . . . . . Projectile 1 | . . . . 1 . AOE 146 | . . . 1 . 145 Terrain Rammed 1 | . . . . 1 . Walls Destroyed . | . . . . . . Machines Disabled . | . . . . . . Actions | -11 -10 -9 -9 -8 -8 --------- Run | Scr Mat Mat Min Mat Sto Total 3284 | 535 1134 565 317 242 491 Wait 1825 | 383 891 390 3 137 21 Move 1266 | 115 242 169 258 98 384 Hop . | . . . . . . Pick Up 19 | 8 1 . 3 . 7 Fast Attach 22 | 8 . . 2 . 12 Attach 10 | 2 . 1 1 2 4 Detach 11 | . . . . 1 10 Swap 3 | 1 . . 1 . 1 Drop 17 | 5 . . 2 2 8 Fire 106 | 13 . 4 47 1 41 Melee 3 | . . . . . 3 Ram 2 | . . 1 . 1 . Kick . | . . . . . . Crush . | . . . . . . Escape Stasis . | . . . . . . Rewire . | . . . . . . Trap . | . . . . . . Miscellaneous . | . . . . . . Route ------- -11/Scrapyard -10/Materials -9/Materials -9/Mines (discovered 2 exits: *Mat x2) -8/Materials -8/Storage History --------- Turn | Location | Event 10 | -11/Scrapyard | Discovered new exit (range 15) 545 | -11/Scrapyard | Entered Materials 546 | -10/Materials | Build established: Mutant 639 | -10/Materials | Discovered new exit (range 4) 1631 | -10/Materials | Entered another Materials area 1631 | -9/Materials | Evolved 2 slots: Propulsion x1, Utility x1 2163 | -9/Materials | Discovered new exit (range 10) 2170 | -9/Materials | Entered Mines 2312 | -9/Mines | Discovered new exit (range 11) 2379 | -9/Mines | Learned location of Storage (-8) 2435 | -9/Mines | Found a hidden stash of uninstalled traps 2468 | -9/Mines | Discovered new exit (range 7) 2478 | -9/Mines | Build established: Scavenger-Mutant 2489 | -9/Mines | Entered Materials 2489 | -8/Materials | Evolved 2 slots: Propulsion x1, Utility x1 2675 | -8/Materials | Discovered new exit (range 10) 2714 | -8/Materials | Entered Storage 2836 | -8/Storage | Found Prototype Launcher 2836 | -8/Storage | Identified Scatter Rocket Array 3114 | -8/Storage | First assault squad dispatched 3116 | -8/Storage | Destroyed 11 combat bots 3145 | -8/Storage | Core integrity fell below 50% 3156 | -8/Storage | Core integrity fell below 20% 3178 | -8/Storage | Crushed by falling debris 3178 | -8/Storage | Smashed by cave-in Last Messages --------------- 03138_ Wheel destroyed. 03140_ Reflective Plating destroyed. 03141_ Lgt. Ion Engine destroyed. 03142_ G-47 Trooper destroyed. 03142_ A-02 Transporter destroyed. 03142_ G-47 Trooper destroyed. 03142_ Y-45 Defender destroyed. 03143_ The unstable cave ceiling collapses. 03144_ Scatter Rocket Array destroyed. 03147_ Y-45 Defender IFF system glitched. 03147_ G-47 Trooper destroyed. 03148_ The unstable cave ceiling collapses. 03148_ Dropped Med. Storage Unit. 03149_ Acquired Prototype Flight Unit. 03149_ Identified Imp. VTOL Module. 03149_ Imp. VTOL Module destroyed. 03149_ U-05 Engineer lays Concrete. 03151_ Scythe destroyed. 03178_ The unstable cave ceiling collapses. 03178_ Crushed by falling debris. Map ----- +----------------------------------------------------+ | | | | | | | | | | | | | | | | | | | | | | | | | | | | | | | | | | | ??????????????????????????##? # | | ????????????????????????### # # | | ????????????????????????# | | ????????????????????????# # # | | ????????????????????????# # | | ????????????????????????# # # | | ?????????????????????????## # | | ????????????????????????## # | | ????????????????????????#@## ### | | ????????????????????????## # ##?? | | ?????????????????????????## # #?? | | ??????????????????????????### ##?? | | ????????????????????????????# #??? | | ????????????????????????????# #??? | | ????????????????????????????# #??? | | ????????????????????????????# #??? | | ????????????????????????????# #??? | | ????????????????????????????# #??? | | ????????????????????????????# #??? | | ???????????????????########?# #??? | | ???????????????????#!] #?# #??? | | ???????????????????#! !#?# #??? | | ????????#####??????# #?# #??? | | ??????## ??????# #?# #??? | | ????## # ####??# #?# #??? | | ???# #???? ??# #??? | | ! ##?# ##?####+##### #??? | | ! ?# * ### #??? | | ! %=! # ^ #??? | | "# # ## #??? | | =%==% %" #??? | | ##+ * [ ####??? | | ???# ] #?????? | +----------------------------------------------------+ Best States ------------- Heat Dissipation 41 Coolant Potential 50 Energy Generation 10 Energy Capacity 250 Matter Stores 300 Matter Capacity 300 Sight Range 16 Terrain Scan Range 16 Terrain Scan Density 135 Armor Coverage 450 Resistance: TH 10 Evasion (%) 50 Targeting Accuracy 8 Item Schematics ----------------- None Robot Schematics ------------------ D-53 Grenadier | -8/Storage | Hacked Fabricated ------------ Nothing Alien Tech Used ----------------- None Achievements -------------- None Challenges ------------ None Game ------ Seed VisualTransportNanosword Manual? 0 Play Time 00:29:59 Cumulative 74.9 hours Start 2020.09.15 @ 22:08:30 End 2020.09.15 @ 22:40:15 Sessions 1 Manual Loads 0 Difficulty Rogue Special Mode None Game No. 57 Rogue 57 Adventurer 0 Explorer 0 Win Type - Total 1 Types 1/0/0/0/0/0/0/0/0 Lore% 49 Gallery% 61 Achievement% 46 Wizard Run 0 Options --------- ASCII 0 Keyboard 1 Movement Vi Keybinds 0 Fullscreen 1 Font 12/Smallcaps Map View 83x54 Tactical HUD 1 Map Filters NONE Filters NONE Steam 1 RUN: a6c9d35d-98aa-4b73-b41f-fd4253f586e9